| Goals | Penalties |
No Goal
|
Adam Beckman (NJD) for Interference (Minor) at 19:41
|
1. Wolves , Alex Steeves 3 (Nolan Allan 13, Jakob Pelletier 7) at 10:33
|
Chase Stillman (CAR) for Hooking (Minor) at 19:31
|
2. Wolves , Jakob Pelletier 4 (Tyson Hinds 1, Ty Smith 2) at 10:38
|
Tyler Tucker (NJD) for High sticking (Minor) at 17:44
|
|
Laurent Brossoit (CAR), 7 saves from 7 shots - (1,000), W, 6-2-3, 60:00 minutes
Trent Miner (NJD), 38 saves from 40 shots - (0,950), L, 4-5-4, 60:00 minutes
|
|
1 - Jakob Pelletier (CAR)
2 - Alex Steeves (CAR)
3 - Trent Miner (NJD)
|
Referees : Tatu Kunto and Pierre Lambert
Linesman : Joseph Mahon and Ryan Jackson
|
|
| No Game Note
|
| Team Name |
Goals |
Shots |
Shots Attemp |
Shots Blocked |
PIM |
HIT |
PP |
PK |
FO% |
| Wolves |
2 | 40 | 78 | 1 | 2 | 33 | 0 / 2 (0%) | 0 | 39% |
| Comets |
0 | 7 | 11 | 11 | 4 | 18 | 0 / 1 (0%) | 0 | 61% |
Wolves
| Player Name |
POS |
G |
A |
P |
+/- |
PIM |
HIT |
SHT |
SB |
MP |
PP MP |
PP SHT |
PK MP |
PK SHT |
FO% |
FOT |
GA |
TA |
| Alex Steeves | C | 1 | 0 | 1 | 2 | 0 | 1 | 5 | 0 | 17:42 | 1:37 | 0 | 0:00 | 0 | 38% |
16 | 1 | 0 |
| Blade Jenkins | C/LW/RW | 0 | 0 | 0 | 0 | 0 | 0 | 0 | 0 | 11:50 | 0:00 | 0 | 0:00 | 0 | 0% |
1 | 0 | 0 |
| Chase Stillman | RW | 0 | 0 | 0 | 0 | 2 | 2 | 0 | 0 | 10:00 | 0:00 | 0 | 0:00 | 0 | 0% |
0 | 0 | 0 |
| Devin Shore | C/LW | 0 | 0 | 0 | 0 | 0 | 1 | 3 | 0 | 19:46 | 2:21 | 0 | 1:24 | 0 | 100% |
1 | 1 | 1 |
| Filip Bystedt | C/LW | 0 | 0 | 0 | 0 | 0 | 2 | 1 | 0 | 10:10 | 0:00 | 0 | 0:09 | 0 | 0% |
0 | 0 | 0 |
| Jack Thompson | D | 0 | 0 | 0 | 0 | 0 | 1 | 5 | 0 | 19:26 | 1:29 | 0 | 0:43 | 0 | 0% |
0 | 2 | 0 |
| Jakob Pelletier | C/LW | 1 | 1 | 2 | 2 | 0 | 4 | 6 | 0 | 19:36 | 2:18 | 0 | 1:24 | 0 | 20% |
10 | 0 | 0 |
| Joseph Blandisi | C | 0 | 0 | 0 | 0 | 0 | 0 | 2 | 0 | 12:50 | 0:50 | 0 | 0:00 | 0 | 67% |
6 | 0 | 0 |
| Kyle Criscuolo | C | 0 | 0 | 0 | 0 | 0 | 4 | 6 | 0 | 17:32 | 0:58 | 0 | 0:26 | 0 | 33% |
3 | 0 | 0 |
| Lane Pederson | C | 0 | 0 | 0 | 0 | 0 | 2 | 3 | 0 | 9:44 | 0:00 | 0 | 0:00 | 0 | 67% |
3 | 0 | 0 |
| Matthew Kessel | D | 0 | 0 | 0 | 1 | 0 | 1 | 0 | 1 | 25:46 | 2:29 | 0 | 1:16 | 0 | 0% |
0 | 2 | 0 |
| Milos Kelemen | C/LW/RW | 0 | 0 | 0 | 0 | 0 | 2 | 0 | 0 | 17:49 | 1:37 | 0 | 0:00 | 0 | 0% |
0 | 1 | 0 |
| Nolan Allan | D | 0 | 1 | 1 | 1 | 0 | 3 | 2 | 0 | 25:46 | 2:29 | 0 | 1:16 | 0 | 0% |
0 | 1 | 0 |
| Robert Hägg | D | 0 | 0 | 0 | 0 | 0 | 4 | 1 | 0 | 19:26 | 1:29 | 0 | 0:43 | 0 | 0% |
0 | 0 | 0 |
| Spencer Smallman | RW | 0 | 0 | 0 | 2 | 0 | 2 | 1 | 0 | 18:13 | 2:13 | 0 | 0:00 | 0 | 0% |
1 | 0 | 2 |
| Ty Smith | D | 0 | 1 | 1 | 1 | 0 | 0 | 3 | 0 | 14:48 | 0:00 | 0 | 0:00 | 0 | 0% |
0 | 0 | 0 |
| Tyson Hinds | D | 0 | 1 | 1 | 1 | 0 | 3 | 1 | 0 | 14:48 | 0:00 | 0 | 0:00 | 0 | 0% |
0 | 0 | 0 |
| Zach Sanford | C/LW | 0 | 0 | 0 | 0 | 0 | 1 | 1 | 0 | 12:48 | 0:00 | 0 | 0:35 | 0 | 0% |
0 | 0 | 0 |
Comets
| Player Name |
POS |
G |
A |
P |
+/- |
PIM |
HIT |
SHT |
SB |
MP |
PP MP |
PP SHT |
PK MP |
PK SHT |
FO% |
FOT |
GA |
TA |
| Adam Beckman | LW/RW | 0 | 0 | 0 | 0 | 2 | 1 | 0 | 0 | 15:28 | 0:38 | 0 | 0:51 | 0 | 0% |
0 | 0 | 1 |
| Brett Berard | LW | 0 | 0 | 0 | -2 | 0 | 2 | 0 | 1 | 22:20 | 0:47 | 0 | 0:53 | 0 | 0% |
0 | 1 | 1 |
| David Spacek | D | 0 | 0 | 0 | 0 | 0 | 1 | 1 | 3 | 25:27 | 1:37 | 1 | 2:37 | 0 | 0% |
0 | 0 | 0 |
| Elias Salomonsson | D | 0 | 0 | 0 | 0 | 0 | 0 | 0 | 1 | 14:44 | 0:22 | 0 | 1:15 | 0 | 0% |
0 | 0 | 0 |
| Fabian Lysell | RW | 0 | 0 | 0 | -1 | 0 | 2 | 1 | 0 | 22:43 | 1:24 | 1 | 1:13 | 0 | 100% |
1 | 0 | 2 |
| Jakub Stancl | C | 0 | 0 | 0 | -1 | 0 | 3 | 0 | 0 | 12:08 | 0:00 | 0 | 0:00 | 0 | 50% |
4 | 0 | 0 |
| Joni Jurmo | D | 0 | 0 | 0 | 0 | 0 | 0 | 0 | 0 | 1:10 | 0:00 | 0 | 0:47 | 0 | 0% |
0 | 0 | 1 |
| Judd Caulfield | RW | 0 | 0 | 0 | 0 | 0 | 1 | 0 | 0 | 7:55 | 0:00 | 0 | 0:00 | 0 | 100% |
1 | 0 | 0 |
| Juuso Parssinen | C/LW/RW | 0 | 0 | 0 | 0 | 0 | 0 | 2 | 1 | 25:18 | 1:31 | 1 | 2:14 | 0 | 71% |
21 | 1 | 0 |
| Kirill Kudryavtsev | D | 0 | 0 | 0 | -2 | 0 | 0 | 0 | 2 | 17:18 | 0:00 | 0 | 0:06 | 0 | 0% |
0 | 0 | 2 |
| Roman Schmidt | D | 0 | 0 | 0 | 0 | 0 | 0 | 0 | 0 | 0:22 | 0:00 | 0 | 0:06 | 0 | 0% |
0 | 0 | 0 |
| Rory Kerins | C | 0 | 0 | 0 | 0 | 0 | 1 | 0 | 0 | 3:13 | 0:00 | 0 | 0:00 | 0 | 100% |
1 | 0 | 0 |
| Ryan Johnson | D | 0 | 0 | 0 | -2 | 0 | 1 | 0 | 2 | 27:27 | 1:26 | 0 | 2:30 | 0 | 0% |
0 | 0 | 0 |
| Ryan Winterton | C/RW | 0 | 0 | 0 | 0 | 0 | 0 | 3 | 0 | 21:25 | 0:12 | 0 | 0:38 | 0 | 45% |
11 | 0 | 0 |
| Samuel Fagemo | LW/RW | 0 | 0 | 0 | -1 | 0 | 3 | 0 | 0 | 23:42 | 1:25 | 0 | 2:07 | 0 | 0% |
1 | 1 | 0 |
| Samuel Helenius | C | 0 | 0 | 0 | -1 | 0 | 1 | 0 | 0 | 19:50 | 0:00 | 0 | 0:00 | 0 | 0% |
1 | 0 | 0 |
| Tyler Tucker | D | 0 | 0 | 0 | 0 | 2 | 1 | 0 | 0 | 18:33 | 0:00 | 0 | 0:35 | 0 | 0% |
0 | 0 | 0 |
| Vsevolod Komarov | D | 0 | 0 | 0 | 0 | 0 | 1 | 0 | 1 | 16:57 | 0:33 | 0 | 0:00 | 0 | 0% |
0 | 0 | 1 |
Wolves
| 5 vs 5 Forward |
|---|
| Line # | Left Wing | Center | Right Wing | PHY | DF | OF | Wanted % | Time % | Time Play |
| 1 | Jakob Pelletier | Alex Steeves | Spencer Smallman | 0 | 2 | 3 | 35 | 30% | 16:17
|
| 2 | Devin Shore | Kyle Criscuolo | Milos Kelemen | 0 | 2 | 3 | 35 | 30% | 16:12
|
| 3 | Zach Sanford | Joseph Blandisi | Blade Jenkins | 1 | 2 | 2 | 20 | 22% | 11:50
|
| 4 | Filip Bystedt | Lane Pederson | Chase Stillman | 1 | 3 | 1 | 10 | 18% | 9:44
|
| 5 vs 5 Defense |
|---|
| Line # | Defense | Defense | | PHY | DF | OF | Wanted % | Time % | Time Play |
| 1 | Matthew Kessel | Nolan Allan | | 1 | 2 | 2 | 40 | 35% | 18:47
|
| 2 | Jack Thompson | Robert Hägg | | 1 | 2 | 2 | 30 | 32% | 17:14
|
| 3 | Ty Smith | Tyson Hinds | | 1 | 2 | 2 | 20 | 27% | 14:48
|
| 4 | Matthew Kessel | Nolan Allan | | 1 | 2 | 2 | 10 | 6% | 3:14
|
| Power Play Forward |
|---|
| Line # | Left Wing | Center | Right Wing | PHY | DF | OF | Wanted % | Time % | Time Play |
| 1 | Devin Shore | Jakob Pelletier | Spencer Smallman | 0 | 1 | 4 | 60 | 59% | 2:21
|
| 2 | Jakob Pelletier | Alex Steeves | Milos Kelemen | 0 | 2 | 3 | 40 | 41% | 1:37
|
| Power Play Defense |
|---|
| Line # | Defense | Defense | | PHY | DF | OF | Wanted % | Time % | Time Play |
| 1 | Matthew Kessel | Nolan Allan | | 1 | 2 | 2 | 60 | 63% | 2:29
|
| 2 | Jack Thompson | Robert Hägg | | 1 | 2 | 2 | 40 | 37% | 1:29
|
| Penalty Kill 4 Players Forward |
|---|
| Line # | Center | Wing | PHY | DF | OF | Wanted % | Time % | Time Play |
| 1 | Jakob Pelletier | Devin Shore | 1 | 3 | 1 | 60 | 100% | 1:59
|
| 2 | Alex Steeves | Jakob Pelletier | 1 | 3 | 1 | 40 | 0% | 0:00
|
| Penalty Kill 4 Players Defense |
|---|
| Line # | Defense | Defense | PHY | DF | OF | Wanted % | Time % | Time Play |
| 1 | Matthew Kessel | Nolan Allan | 1 | 2 | 2 | 60 | 64% | 1:16
|
| 2 | Jack Thompson | Robert Hägg | 1 | 2 | 2 | 40 | 36% | 0:43
|
| Penalty Kill 3 Players |
|---|
| Line # | Wing | PHY | DF | OF | Wanted % | Time % | Time Play | Defense | Defense | PHY | DF | OF | Wanted % | Time % | Time Play |
| 1 | Jakob Pelletier | 1 | 2 | 2 | 60 | 0% | 0:00
| Matthew Kessel | Nolan Allan | 1 | 2 | 2 | 60 | 0% | 0:00
|
| 2 | Alex Steeves | 1 | 2 | 2 | 40 | 0% | 0:00
| Jack Thompson | Robert Hägg | 1 | 2 | 2 | 40 | 0% | 0:00
|
| 4 vs 4 Forward |
|---|
| Line # | Center | Wing | PHY | DF | OF | Wanted % | Time % | Time Play |
| 1 | Jakob Pelletier | Devin Shore | 1 | 2 | 2 | 60 | 0% | 0:00
|
| 2 | Alex Steeves | Jakob Pelletier | 1 | 2 | 2 | 40 | 0% | 0:00
|
| 4 vs 4 Defense |
|---|
| Line # | Defense | | PHY | DF | OF | Wanted % | Time % | Time Play |
| 1 | Matthew Kessel | Nolan Allan | 1 | 2 | 2 | 60 | 0% | 0:00
|
| 2 | Jack Thompson | Robert Hägg | 1 | 2 | 2 | 40 | 0% | 0:00
|
| Last Minutes Offensive |
|---|
| Left Wing | Center | Right Wing | Defense | Defense |
| Devin Shore | Jakob Pelletier | Spencer Smallman | Matthew Kessel | Nolan Allan |
| Last Minutes Defensive |
|---|
| Left Wing | Center | Right Wing | Defense | Defense |
| Devin Shore | Jakob Pelletier | Spencer Smallman | Matthew Kessel | Nolan Allan |
| Time |
|---|
| Total Forward | Total Defense | Last Minutes Offensive | Last Minutes Defensive |
| 60:00 |
60:00 |
0:00 | 0:00 |
| Extra Forwards |
|---|
| Normal | PowerPlay | Penalty Kill |
|
Kyle Criscuolo, Joseph Blandisi, Spencer Smallman | Kyle Criscuolo, Joseph Blandisi | Kyle Criscuolo |
| Extra Defensemen |
|---|
| Normal | PowerPlay | Penalty Kill |
|
Robert Hägg, Ty Smith, Tyson Hinds | Robert Hägg, Robert Hägg | Ty Smith |
| Penalty Shots |
|---|
|
Devin Shore, Jakob Pelletier, Zach Sanford, Alex Steeves, Kyle Criscuolo |
| Goalie |
|---|
| Laurent Brossoit, Nico Daws |
| Scratches |
|---|
|
Nico Myatovic (Healthy), Robert Mastrosimone (Healthy), Tyler Boucher (Healthy), Anton Johansson (Healthy), Turner Ottenbreit (Healthy)
Vincent Sevigny (Healthy), Waltteri Ignatjew (Healthy), Keith Petruzzelli (Healthy) |
Comets
| 5 vs 5 Forward |
|---|
| Line # | Left Wing | Center | Right Wing | PHY | DF | OF | Wanted % | Time % | Time Play |
| 1 | Samuel Fagemo | Juuso Parssinen | Fabian Lysell | 1 | 2 | 2 | 40 | 40% | 21:25
|
| 2 | Brett Berard | Juuso Parssinen | Samuel Helenius | 1 | 2 | 2 | 30 | 35% | 19:10
|
| 3 | Brett Berard | Ryan Winterton | Juuso Parssinen | 1 | 2 | 2 | 20 | 18% | 9:47
|
| 4 | Samuel Fagemo | Juuso Parssinen | Fabian Lysell | 1 | 2 | 2 | 10 | 7% | 3:41
|
| 5 vs 5 Defense |
|---|
| Line # | Defense | Defense | | PHY | DF | OF | Wanted % | Time % | Time Play |
| 1 | Tyler Tucker | Ryan Johnson | | 1 | 2 | 2 | 40 | 36% | 19:21
|
| 2 | Ryan Johnson | Kirill Kudryavtsev | | 1 | 2 | 2 | 30 | 28% | 14:54
|
| 3 | David Spacek | Vsevolod Komarov | | 1 | 2 | 2 | 20 | 24% | 12:53
|
| 4 | David Spacek | Elias Salomonsson | | 1 | 2 | 2 | 10 | 13% | 6:55
|
| Power Play Forward |
|---|
| Line # | Left Wing | Center | Right Wing | PHY | DF | OF | Wanted % | Time % | Time Play |
| 1 | Samuel Fagemo | Juuso Parssinen | Fabian Lysell | 1 | 2 | 2 | 60 | 74% | 1:28
|
| 2 | Brett Berard | Juuso Parssinen | Fabian Lysell | 1 | 2 | 2 | 40 | 26% | 0:31
|
| Power Play Defense |
|---|
| Line # | Defense | Defense | | PHY | DF | OF | Wanted % | Time % | Time Play |
| 1 | David Spacek | Ryan Johnson | | 1 | 2 | 2 | 60 | 72% | 1:26
|
| 2 | David Spacek | Vsevolod Komarov | | 1 | 2 | 2 | 40 | 28% | 0:33
|
| Penalty Kill 4 Players Forward |
|---|
| Line # | Center | Wing | PHY | DF | OF | Wanted % | Time % | Time Play |
| 1 | Juuso Parssinen | Samuel Fagemo | 1 | 2 | 2 | 60 | 100% | 3:58
|
| 2 | Juuso Parssinen | Brett Berard | 1 | 2 | 2 | 40 | 0% | 0:00
|
| Penalty Kill 4 Players Defense |
|---|
| Line # | Defense | Defense | PHY | DF | OF | Wanted % | Time % | Time Play |
| 1 | Ryan Johnson | David Spacek | 1 | 2 | 2 | 60 | 50% | 1:58
|
| 2 | Tyler Tucker | David Spacek | 1 | 2 | 2 | 40 | 50% | 2:00
|
| Penalty Kill 3 Players |
|---|
| Line # | Wing | PHY | DF | OF | Wanted % | Time % | Time Play | Defense | Defense | PHY | DF | OF | Wanted % | Time % | Time Play |
| 1 | Juuso Parssinen | 1 | 2 | 2 | 60 | 0% | 0:00
| Tyler Tucker | Ryan Johnson | 1 | 2 | 2 | 60 | 0% | 0:00
|
| 2 | Samuel Fagemo | 1 | 2 | 2 | 40 | 0% | 0:00
| Kirill Kudryavtsev | Tyler Tucker | 1 | 2 | 2 | 40 | 0% | 0:00
|
| 4 vs 4 Forward |
|---|
| Line # | Center | Wing | PHY | DF | OF | Wanted % | Time % | Time Play |
| 1 | Juuso Parssinen | Samuel Fagemo | 1 | 2 | 2 | 60 | 0% | 0:00
|
| 2 | Juuso Parssinen | Brett Berard | 1 | 2 | 2 | 40 | 0% | 0:00
|
| 4 vs 4 Defense |
|---|
| Line # | Defense | | PHY | DF | OF | Wanted % | Time % | Time Play |
| 1 | David Spacek | Tyler Tucker | 1 | 2 | 2 | 60 | 0% | 0:00
|
| 2 | Ryan Johnson | Elias Salomonsson | 1 | 2 | 2 | 40 | 0% | 0:00
|
| Last Minutes Offensive |
|---|
| Left Wing | Center | Right Wing | Defense | Defense |
| Samuel Fagemo | Juuso Parssinen | Fabian Lysell | Tyler Tucker | Ryan Johnson |
| Last Minutes Defensive |
|---|
| Left Wing | Center | Right Wing | Defense | Defense |
| Samuel Fagemo | Juuso Parssinen | Fabian Lysell | Tyler Tucker | Ryan Johnson |
| Time |
|---|
| Total Forward | Total Defense | Last Minutes Offensive | Last Minutes Defensive |
| 60:00 |
60:00 |
0:00 | 0:00 |
| Extra Forwards |
|---|
| Normal | PowerPlay | Penalty Kill |
|
Fabian Lysell, Brett Berard, Juuso Parssinen | Fabian Lysell, Brett Berard | Fabian Lysell |
| Extra Defensemen |
|---|
| Normal | PowerPlay | Penalty Kill |
|
David Spacek, Kirill Kudryavtsev, Vsevolod Komarov | David Spacek, David Spacek | Ryan Johnson |
| Penalty Shots |
|---|
|
Juuso Parssinen, Samuel Fagemo, Brett Berard, Ryan Winterton, Fabian Lysell |
| Goalie |
|---|
| Trent Miner, Colten Ellis |
| Scratches |
|---|
|
Andrew Lucas (Healthy), Oskar Pettersson (Healthy), David Goyette (Healthy), Eamon Powell (Healthy), Jack Peart (Healthy)
Jake Furlong (Healthy), Niko Huuhtanen (Healthy), Ty Gallagher (Healthy), Zayde Wisdom (Healthy), Justin Sourdif (Bruised Right Arm Injury)
Lukas Cormier (Healthy), Evan Gardner (Healthy), Garin Bjorklund (Healthy) |
Play-by-Play
1st period
0:01 of 1st period - Juuso Parssinen wins face-off versus Alex Steeves in neutral zone.
0:47 of 1st period - Wrist shot by Ryan Winterton.
0:47 of 1st period - Stopped by Laurent Brossoit with a rebound.
1:47 of 1st period - Alex Steeves is hit by Jakub Stancl and loses puck.
3:43 of 1st period - Ryan Johnson is hit by Robert Hägg.
3:50 of 1st period - Icing by Zach Sanford.
3:51 of 1st period - Judd Caulfield wins face-off versus Blade Jenkins in Wolves zone.
4:51 of 1st period - Nolan Allan is hit by Brett Berard and loses puck.
5:36 of 1st period - Slapshot by Lane Pederson.
5:36 of 1st period - Shot Misses the Net.
6:28 of 1st period - Wrist shot by Joseph Blandisi.
6:28 of 1st period - Stopped by Trent Miner with a rebound.
6:30 of 1st period - Snap shot by Tyson Hinds.
6:30 of 1st period - Shot Blocked by David Spacek.
6:59 of 1st period - Brett Berard is hit by Filip Bystedt and loses puck.
7:04 of 1st period - Wrist shot by Lane Pederson.
7:04 of 1st period - Stopped by Trent Miner with a rebound.
7:06 of 1st period - Snap shot by Robert Hägg.
7:06 of 1st period - Deflect By Lane Pederson.
7:06 of 1st period - Stopped by Trent Miner with a rebound.
7:08 of 1st period - Snap shot by Lane Pederson.
7:08 of 1st period - Shot Blocked by Kirill Kudryavtsev.
7:10 of 1st period - Snap shot by Chase Stillman.
7:10 of 1st period - Shot Hit the Post.
7:28 of 1st period - Wrist shot by Zach Sanford.
7:28 of 1st period - Deflect By Joseph Blandisi.
7:28 of 1st period - Shot Blocked by Elias Salomonsson.
7:28 of 1st period - Puck is out of play.
7:29 of 1st period - Joseph Blandisi wins face-off versus Samuel Helenius in Comets zone.
7:38 of 1st period - Joseph Blandisi is hit by Fabian Lysell and loses puck.
8:03 of 1st period - Slapshot by Devin Shore.
8:03 of 1st period - Stopped by Trent Miner with a rebound.
8:08 of 1st period - Off-side.
8:09 of 1st period - Juuso Parssinen wins face-off versus Alex Steeves in neutral zone.
8:37 of 1st period - Snap shot by Kyle Criscuolo.
8:37 of 1st period - Stopped by Trent Miner with a rebound.
9:00 of 1st period - Juuso Parssinen is hit by Lane Pederson and loses puck.
9:15 of 1st period - Snap shot by Samuel Fagemo.
9:15 of 1st period - Shot Blocked by Matthew Kessel.
9:39 of 1st period - Wrist shot by Kyle Criscuolo.
9:39 of 1st period - Shot Misses the Net.
10:01 of 1st period - Wrist shot by Adam Beckman.
10:01 of 1st period - Shot Misses the Net.
10:11 of 1st period - Fabian Lysell is hit by Tyson Hinds and loses puck.
11:10 of 1st period - Brett Berard is hit by Zach Sanford and loses puck.
11:15 of 1st period - Wrist shot by Jack Thompson.
11:15 of 1st period - Stopped by Trent Miner without a rebound.
11:16 of 1st period - Juuso Parssinen wins face-off versus Alex Steeves in Comets zone.
11:39 of 1st period - David Spacek is hit by Kyle Criscuolo and loses puck.
11:55 of 1st period - Icing by Jakob Pelletier.
11:56 of 1st period - Juuso Parssinen wins face-off versus Alex Steeves in Wolves zone.
12:31 of 1st period - Slapshot by Kyle Criscuolo.
12:31 of 1st period - Stopped by Trent Miner with a rebound.
12:33 of 1st period - Snap shot by Devin Shore.
12:33 of 1st period - Shot Misses the Net.
12:35 of 1st period - Wrist shot by Devin Shore.
12:35 of 1st period - Shot Misses the Net.
12:59 of 1st period - Spencer Smallman is hit by Jakub Stancl and loses puck.
13:07 of 1st period - Icing by Jack Thompson.
13:08 of 1st period - Jakub Stancl wins face-off versus Alex Steeves in Wolves zone.
13:23 of 1st period - Devin Shore is hit by Fabian Lysell and loses puck.
14:28 of 1st period - Juuso Parssinen is hit by Alex Steeves and loses puck.
14:49 of 1st period - Joseph Blandisi is hit by Judd Caulfield and loses puck.
15:20 of 1st period - Jakub Stancl is hit by Spencer Smallman and loses puck.
15:43 of 1st period - Tyler Tucker is hit by Chase Stillman and loses puck.
15:52 of 1st period - Judd Caulfield is hit by Filip Bystedt and loses puck.
16:09 of 1st period - Wrist shot by Devin Shore.
16:09 of 1st period - Shot Misses the Net.
16:11 of 1st period - Wrist shot by Devin Shore.
16:11 of 1st period - Stopped by Trent Miner with a rebound.
16:15 of 1st period - Wrist shot by Milos Kelemen.
16:15 of 1st period - Shot Misses the Net.
16:35 of 1st period - Snap shot by Alex Steeves.
16:35 of 1st period - Stopped by Trent Miner without a rebound.
16:36 of 1st period - Alex Steeves wins face-off versus Jakub Stancl in Comets zone.
16:39 of 1st period - Snap shot by Jakob Pelletier.
16:39 of 1st period - Shot Misses the Net.
16:45 of 1st period - Slapshot by Alex Steeves.
16:45 of 1st period - Stopped by Trent Miner with a rebound.
16:47 of 1st period - Snap shot by Alex Steeves.
16:47 of 1st period - Shot Misses the Net.
16:49 of 1st period - Slapshot by Tyson Hinds.
16:49 of 1st period - Shot Blocked by David Spacek.
16:51 of 1st period - Snap shot by Ty Smith.
16:51 of 1st period - Shot Blocked by David Spacek.
17:26 of 1st period - Off-side.
17:27 of 1st period - Joseph Blandisi wins face-off versus Jakub Stancl in neutral zone.
19:26 of 1st period - Ryan Winterton is hit by Nolan Allan and loses puck.
19:41 of 1st period - Minor Penalty to Adam Beckman for Interference.
19:42 of 1st period - Juuso Parssinen wins face-off versus Jakob Pelletier in Comets zone.
Goals for this period are 0 for Wolves vs 0 for Comets.
Shots for this period are 10 for Wolves vs 1 for Comets.
2nd period
0:01 of 2nd period - Juuso Parssinen wins face-off versus Jakob Pelletier in neutral zone.
1:41 of 2nd period - Penalty to Adam Beckman is over, Adam Beckman is back on ice.
1:55 of 2nd period - Snap shot by Filip Bystedt.
1:55 of 2nd period - Shot Misses the Net.
1:57 of 2nd period - Snap shot by Filip Bystedt.
1:57 of 2nd period - Stopped by Trent Miner with a rebound.
2:57 of 2nd period - Samuel Fagemo is hit by Nolan Allan and loses puck.
4:23 of 2nd period - Blade Jenkins is hit by Samuel Fagemo and loses puck.
5:43 of 2nd period - Chase Stillman is hit by Jakub Stancl and loses puck.
5:54 of 2nd period - Snap shot by Jakob Pelletier.
5:54 of 2nd period - Shot Misses the Net.
6:27 of 2nd period - Wrist shot by Chase Stillman.
6:27 of 2nd period - Shot Misses the Net.
7:03 of 2nd period - Slapshot by Ty Smith.
7:03 of 2nd period - Shot Blocked by Vsevolod Komarov.
7:11 of 2nd period - Ty Smith is hit by Vsevolod Komarov and loses puck.
7:15 of 2nd period - Icing by Kyle Criscuolo.
7:16 of 2nd period - Rory Kerins wins face-off versus Kyle Criscuolo in Wolves zone.
7:31 of 2nd period - Slapshot by Jakob Pelletier.
7:31 of 2nd period - Shot Misses the Net.
7:33 of 2nd period - Wrist shot by Spencer Smallman.
7:33 of 2nd period - Stopped by Trent Miner with a rebound.
7:35 of 2nd period - Wrist shot by Alex Steeves.
7:35 of 2nd period - Shot Misses the Net.
7:37 of 2nd period - Slapshot by Ty Smith.
7:37 of 2nd period - Stopped by Trent Miner with a rebound.
7:49 of 2nd period - Snap shot by Joseph Blandisi.
7:49 of 2nd period - Deflect By Zach Sanford.
7:49 of 2nd period - Shot Misses the Net.
7:49 of 2nd period - Puck is out of play.
7:50 of 2nd period - Joseph Blandisi wins face-off versus Ryan Winterton in Comets zone.
7:57 of 2nd period - Slapshot by Joseph Blandisi.
7:57 of 2nd period - Stopped by Trent Miner with a rebound.
8:03 of 2nd period - Nolan Allan is hit by Samuel Fagemo and loses puck.
8:20 of 2nd period - Alex Steeves is hit by Brett Berard and loses puck.
9:25 of 2nd period - Slapshot by Jack Thompson.
9:25 of 2nd period - Deflect By Joseph Blandisi.
9:25 of 2nd period - Shot Misses the Net.
9:25 of 2nd period - Puck is out of play.
9:26 of 2nd period - Juuso Parssinen wins face-off versus Joseph Blandisi in Comets zone.
9:39 of 2nd period - Samuel Fagemo is hit by Tyson Hinds and loses puck.
9:44 of 2nd period - Snap shot by Jakob Pelletier.
9:44 of 2nd period - Stopped by Trent Miner without a rebound.
9:45 of 2nd period - Kyle Criscuolo wins face-off versus Juuso Parssinen in Comets zone.
9:52 of 2nd period - Snap shot by Devin Shore.
9:52 of 2nd period - Deflect By Kyle Criscuolo.
9:52 of 2nd period - Stopped by Trent Miner without a rebound.
9:53 of 2nd period - Juuso Parssinen wins face-off versus Kyle Criscuolo in Comets zone.
9:53 of 2nd period - Juuso Parssinen is hit by Devin Shore.
10:09 of 2nd period - Snap shot by Devin Shore.
10:09 of 2nd period - Shot Misses the Net.
10:29 of 2nd period - Slapshot by Alex Steeves.
10:29 of 2nd period - Stopped by Trent Miner with a rebound.
10:31 of 2nd period - Slapshot by Nolan Allan.
10:31 of 2nd period - Shot Blocked by Kirill Kudryavtsev.
10:33 of 2nd period - Wrist shot by Alex Steeves.
10:33 of 2nd period - Goal by Alex Steeves - Wolves : 1 - Comets : 0.
10:34 of 2nd period - Juuso Parssinen wins face-off versus Alex Steeves in neutral zone.
10:37 of 2nd period - Snap shot by Fabian Lysell.
10:37 of 2nd period - Shot Misses the Net.
11:24 of 2nd period - Slapshot by Nolan Allan.
11:24 of 2nd period - Stopped by Trent Miner with a rebound.
11:36 of 2nd period - David Spacek is hit by Spencer Smallman and loses puck.
12:48 of 2nd period - Samuel Fagemo is hit by Jakob Pelletier and loses puck.
13:13 of 2nd period - Icing by Devin Shore.
13:14 of 2nd period - Lane Pederson wins face-off versus Juuso Parssinen in Wolves zone.
13:23 of 2nd period - Slapshot by Jack Thompson.
13:23 of 2nd period - Shot Misses the Net.
15:30 of 2nd period - Snap shot by Zach Sanford.
15:30 of 2nd period - Stopped by Trent Miner with a rebound.
15:32 of 2nd period - Slapshot by Tyson Hinds.
15:32 of 2nd period - Stopped by Trent Miner with a rebound.
15:34 of 2nd period - Wrist shot by Ty Smith.
15:34 of 2nd period - Deflect By Ryan Johnson.
15:34 of 2nd period - Stopped by Trent Miner with a rebound.
15:45 of 2nd period - Icing by Ryan Johnson.
15:46 of 2nd period - Alex Steeves wins face-off versus Juuso Parssinen in Comets zone.
15:47 of 2nd period - Snap shot by Jakob Pelletier.
15:47 of 2nd period - Deflect By Spencer Smallman.
15:47 of 2nd period - Shot Blocked by Ryan Johnson.
15:47 of 2nd period - Puck is out of play.
15:48 of 2nd period - Ryan Winterton wins face-off versus Alex Steeves in Comets zone.
15:53 of 2nd period - Wrist shot by Alex Steeves.
15:53 of 2nd period - Stopped by Trent Miner with a rebound.
16:37 of 2nd period - Tyson Hinds is hit by Samuel Fagemo and loses puck.
16:48 of 2nd period - Wrist shot by Ty Smith.
16:48 of 2nd period - Stopped by Trent Miner with a rebound.
17:05 of 2nd period - Ty Smith is hit by David Spacek and loses puck.
17:42 of 2nd period - Slapshot by Kyle Criscuolo.
17:42 of 2nd period - Stopped by Trent Miner with a rebound.
18:00 of 2nd period - Wrist shot by Jakob Pelletier.
18:00 of 2nd period - Stopped by Trent Miner without a rebound.
18:01 of 2nd period - Ryan Winterton wins face-off versus Spencer Smallman in Comets zone.
18:22 of 2nd period - Slapshot by Jack Thompson.
18:22 of 2nd period - Shot Misses the Net.
18:24 of 2nd period - Slapshot by Joseph Blandisi.
18:24 of 2nd period - Shot Misses the Net.
18:26 of 2nd period - Snap shot by Matthew Kessel.
18:26 of 2nd period - Shot Misses the Net.
18:28 of 2nd period - Slapshot by Nolan Allan.
18:28 of 2nd period - Shot Misses the Net.
18:34 of 2nd period - Slapshot by Joseph Blandisi.
18:34 of 2nd period - Shot Misses the Net.
18:51 of 2nd period - Brett Berard is hit by Jakob Pelletier.
19:13 of 2nd period - Tyson Hinds is hit by Adam Beckman and loses puck.
19:31 of 2nd period - Minor Penalty to Chase Stillman for Hooking.
19:32 of 2nd period - Juuso Parssinen wins face-off versus Jakob Pelletier in Wolves zone.
19:33 of 2nd period - Slapshot by Fabian Lysell.
19:33 of 2nd period - Shot Misses the Net.
19:35 of 2nd period - Wrist shot by David Spacek.
19:35 of 2nd period - Stopped by Laurent Brossoit without a rebound.
19:36 of 2nd period - Jakob Pelletier wins face-off versus Juuso Parssinen in Wolves zone.
19:52 of 2nd period - Snap shot by Fabian Lysell.
19:52 of 2nd period - Stopped by Laurent Brossoit with a rebound.
Goals for this period are 1 for Wolves vs 0 for Comets.
Shots for this period are 16 for Wolves vs 2 for Comets.
3rd period
0:01 of 3rd period - Juuso Parssinen wins face-off versus Jakob Pelletier in neutral zone.
0:06 of 3rd period - Slapshot by Juuso Parssinen.
0:06 of 3rd period - Stopped by Laurent Brossoit without a rebound.
0:07 of 3rd period - Juuso Parssinen wins face-off versus Jakob Pelletier in Wolves zone.
1:31 of 3rd period - Penalty to Chase Stillman is over, Chase Stillman is back on ice.
1:47 of 3rd period - Wrist shot by Ryan Winterton.
1:47 of 3rd period - Stopped by Laurent Brossoit without a rebound.
1:48 of 3rd period - Devin Shore wins face-off versus Ryan Winterton in Wolves zone.
1:48 of 3rd period - Devin Shore is hit by Samuel Helenius.
2:24 of 3rd period - Snap shot by Lane Pederson.
2:24 of 3rd period - Stopped by Trent Miner without a rebound.
2:25 of 3rd period - Lane Pederson wins face-off versus Juuso Parssinen in Comets zone.
2:46 of 3rd period - Samuel Helenius is hit by Matthew Kessel and loses puck.
2:55 of 3rd period - Snap shot by Spencer Smallman.
2:55 of 3rd period - Shot Misses the Net.
2:57 of 3rd period - Slapshot by Robert Hägg.
2:57 of 3rd period - Stopped by Trent Miner with a rebound.
3:38 of 3rd period - Icing by Jack Thompson.
3:39 of 3rd period - Ryan Winterton wins face-off versus Lane Pederson in Wolves zone.
4:56 of 3rd period - Vsevolod Komarov is hit by Robert Hägg and loses puck.
5:28 of 3rd period - Slapshot by Jack Thompson.
5:28 of 3rd period - Deflect By Fabian Lysell.
5:28 of 3rd period - Stopped by Trent Miner with a rebound.
5:46 of 3rd period - Tyson Hinds is hit by Tyler Tucker.
6:09 of 3rd period - Snap shot by Kyle Criscuolo.
6:09 of 3rd period - Stopped by Trent Miner with a rebound.
6:49 of 3rd period - Samuel Helenius is hit by Jakob Pelletier and loses puck.
7:42 of 3rd period - Vsevolod Komarov is hit by Lane Pederson and loses puck.
7:59 of 3rd period - David Spacek is hit by Kyle Criscuolo and loses puck.
8:06 of 3rd period - Tyler Tucker is hit by Tyson Hinds and loses puck.
8:39 of 3rd period - Samuel Fagemo is hit by Chase Stillman and loses puck.
8:52 of 3rd period - Samuel Fagemo is hit by Nolan Allan and loses puck.
9:10 of 3rd period - Samuel Fagemo is hit by Milos Kelemen and loses puck.
9:19 of 3rd period - Milos Kelemen is hit by Rory Kerins and loses puck.
9:31 of 3rd period - Off-side.
9:32 of 3rd period - Ryan Winterton wins face-off versus Alex Steeves in neutral zone.
9:55 of 3rd period - Snap shot by Joseph Blandisi.
9:55 of 3rd period - Shot Blocked by Brett Berard.
10:07 of 3rd period - David Spacek is hit by Kyle Criscuolo and loses puck.
10:19 of 3rd period - Juuso Parssinen is hit by Kyle Criscuolo and loses puck.
10:34 of 3rd period - Slapshot by Jakob Pelletier.
10:34 of 3rd period - Shot Misses the Net.
10:36 of 3rd period - Slapshot by Tyson Hinds.
10:36 of 3rd period - Shot Misses the Net.
10:38 of 3rd period - Wrist shot by Jakob Pelletier.
10:38 of 3rd period - Deflect By Samuel Helenius.
10:38 of 3rd period - Goal by Jakob Pelletier - Wolves : 2 - Comets : 0.
10:39 of 3rd period - Alex Steeves wins face-off versus Ryan Winterton in neutral zone.
10:48 of 3rd period - Snap shot by Jakob Pelletier.
10:48 of 3rd period - Stopped by Trent Miner without a rebound.
10:49 of 3rd period - Alex Steeves wins face-off versus Ryan Winterton in Comets zone.
10:50 of 3rd period - Slapshot by Jakob Pelletier.
10:50 of 3rd period - Stopped by Trent Miner without a rebound.
10:51 of 3rd period - Juuso Parssinen wins face-off versus Alex Steeves in Comets zone.
11:45 of 3rd period - Icing by Vsevolod Komarov.
11:46 of 3rd period - Joseph Blandisi wins face-off versus Samuel Fagemo in Comets zone.
11:58 of 3rd period - Off-side.
11:59 of 3rd period - Juuso Parssinen wins face-off versus Jakob Pelletier in neutral zone.
12:04 of 3rd period - Jack Thompson is hit by Ryan Johnson and loses puck.
12:11 of 3rd period - Snap shot by Juuso Parssinen.
12:11 of 3rd period - Stopped by Laurent Brossoit without a rebound.
12:12 of 3rd period - Fabian Lysell wins face-off versus Alex Steeves in Wolves zone.
12:42 of 3rd period - Slapshot by Devin Shore.
12:42 of 3rd period - Stopped by Trent Miner with a rebound.
13:00 of 3rd period - Wrist shot by Ryan Winterton.
13:00 of 3rd period - Stopped by Laurent Brossoit with a rebound.
14:53 of 3rd period - Wrist shot by Jack Thompson.
14:53 of 3rd period - Stopped by Trent Miner without a rebound.
14:54 of 3rd period - Jakub Stancl wins face-off versus Joseph Blandisi in Comets zone.
14:59 of 3rd period - Snap shot by Joseph Blandisi.
14:59 of 3rd period - Shot Misses the Net.
15:01 of 3rd period - Snap shot by Jack Thompson.
15:01 of 3rd period - Deflect By Brett Berard.
15:01 of 3rd period - Stopped by Trent Miner without a rebound.
15:02 of 3rd period - Alex Steeves wins face-off versus Juuso Parssinen in Comets zone.
15:59 of 3rd period - Brett Berard is hit by Milos Kelemen and loses puck.
16:06 of 3rd period - Snap shot by Kyle Criscuolo.
16:06 of 3rd period - Stopped by Trent Miner with a rebound.
16:22 of 3rd period - Slapshot by Nolan Allan.
16:22 of 3rd period - Stopped by Trent Miner without a rebound.
16:23 of 3rd period - Ryan Winterton wins face-off versus Jakob Pelletier in Comets zone.
16:23 of 3rd period - Ryan Winterton is hit by Jakob Pelletier.
16:29 of 3rd period - Wrist shot by Alex Steeves.
16:29 of 3rd period - Shot Blocked by Ryan Johnson.
17:08 of 3rd period - Juuso Parssinen is hit by Jack Thompson and loses puck.
17:29 of 3rd period - Slapshot by Jack Thompson.
17:29 of 3rd period - Stopped by Trent Miner without a rebound.
17:30 of 3rd period - Alex Steeves wins face-off versus Ryan Winterton in Comets zone.
17:35 of 3rd period - Wrist shot by Jakob Pelletier.
17:35 of 3rd period - Stopped by Trent Miner without a rebound.
17:36 of 3rd period - Jakob Pelletier wins face-off versus Ryan Winterton in Comets zone.
17:44 of 3rd period - Minor Penalty to Tyler Tucker for High sticking.
17:45 of 3rd period - Juuso Parssinen wins face-off versus Jakob Pelletier in Comets zone.
17:59 of 3rd period - Snap shot by Devin Shore.
17:59 of 3rd period - Shot Blocked by Juuso Parssinen.
18:15 of 3rd period - David Spacek is hit by Robert Hägg.
19:29 of 3rd period - Fabian Lysell is hit by Robert Hägg and loses puck.
19:44 of 3rd period - Penalty to Tyler Tucker is over, Tyler Tucker is back on ice.
Goals for this period are 1 for Wolves vs 0 for Comets.
Shots for this period are 14 for Wolves vs 4 for Comets.